 Dungeon Crawl Stone Soup version 0.26.1-11-gd32895ea62 (webtiles) character file.

Game seed: 10511997784756903727

424981 raph the Necromancer (level 22, -24/204 HPs)
             Began as a Deep Dwarf Necromancer on June 9, 2021.
             Was the Champion of Makhleb.
             Killed from afar by Nikola (26 damage)
             ... with a chain lightning
             ... on level 3 of the Depths on June 10, 2021.
             The game lasted 04:11:48 (99711 turns).

raph the Necromancer (Deep Dwarf Necromancer)      Turns: 99711, Time: 04:11:49

Health: -24/204    AC: 23    Str: 15    XL:     22   Next: 72%
Magic:  20/47 (38) EV: 26    Int: 40    God:    Makhleb [******]
Gold:   3117       SH:  8    Dex: 20    Spells: 1/47 levels left

rFire    + + +     SeeInvis .   a - +9 dagger (pain)
rCold    + + .     Faith    .   T - +2 buckler {rC+ rF+}
rNeg     + + +     Spirit   .   t - +0 fire dragon scales
rPois    .         Reflect  .   Q - +2 helmet of the Untouchables {+Blink Regen+ rCorr Stlth+}
rElec    .         Harm     .   z - +1 cloak
rCorr    +         Rampage  .   f - +2 pair of gloves {Str+3}
Will     +++..                  E - +0 pair of boots "Leyng" {rN+ Int+3 Dex+5}
Stlth    +++++++...             F - macabre finger necklace {rN+}
HPRegen  0.00/turn              p - ring of the Hare {EV+8}
MPRegen  0.30/turn              A - ring of Doubts {rN+ MP+9 Int+7}
                                S - ring of Dawn {rC++ Int+6 Slay+3 Stlth+}

@: very slightly contaminated, non-regenerating
A: damage resistance, heal wounds, negative energy resistance 1, sense
surroundings 3, no regeneration
}: 2/15 runes: serpentine, barnacled
a: Heal Wounds, Renounce Religion, Evoke Blink, Minor Destruction, Lesser
Servant of Makhleb, Major Destruction, Greater Servant of Makhleb


You were on level 3 of the Depths.
You worshipped Makhleb.
Makhleb was exalted by your worship.
You visited 10 branches of the dungeon, and saw 43 of its levels.
You visited 2 bazaars.
You also visited: Bailey, Volcano and Wizlab.

You collected 7326 gold pieces.
You spent 4209 gold pieces at shops.

Inventory:

Hand Weapons
 a - a +9 dagger of pain (weapon)
 b - a +4 quick blade of flaming
 w - a +4 dagger of holy wrath
 V - the cursed +3 quick blade of Vengeance {holy, Str+6 Int-4}
   (You took it off a spriggan air mage in a wizard's laboratory)

   It has been blessed by the Shining One to cause great damage to the undead
   and demons.
   It affects your strength (+6).
   It affects your intelligence (-4).
   It has a curse placed upon it.
Missiles
 k - 89 boomerangs
Armour
 f - a +2 pair of gloves of strength (worn)
 t - +0 fire dragon scales (worn)
 z - a +1 cloak (worn)
 E - the +0 pair of boots "Leyng" (worn) {rN+ Int+3 Dex+5}
   (You found it on level 1 of the Elven Halls)

   It affects your intelligence (+3).
   It affects your dexterity (+5).
   It protects you from negative energy.
 Q - the +2 helmet of the Untouchables (worn) {+Blink Regen+ rCorr Stlth+}
   (You bought it in a shop on level 2 of the Orcish Mines)

   It lets you blink.
   It increases your rate of regeneration.
   It provides partial protection from all sources of acid and corrosion.
   It makes you more stealthy.
 T - a +2 buckler of resistance (worn)
Jewellery
 c - the ring "Pyme" {rElec rF+ Int+4}
   (You took it off a spriggan air mage on level 3 of the Depths)

   [ring of protection from fire]

   It affects your intelligence (+4).
   It protects you from fire.
   It insulates you from electricity.
 p - the ring of the Hare (left hand) {EV+8}
   (You found it on level 6 of the Dungeon)

   [ring of evasion]

   It affects your evasion (+8).
 y - an uncursed ring of protection from fire
 A - the ring of Doubts (right hand) {rN+ MP+9 Int+7}
   (You found it on level 3 of the Shoals)

   [ring of positive energy]

   It affects your intelligence (+7).
   It protects you from negative energy.
   It affects your magic capacity (+9).
 D - the ring of the Mage {Wiz Will++ Int+3}
   (You took it off Bai Suzhen on level 4 of the Shoals)

   [ring of wizardry]

   It improves your spell success rate.
   It affects your intelligence (+3).
   It affects your willpower, your defense against some magical effects.
 F - the macabre finger necklace (around neck) {rN+}
   (You found it on level 9 of the Dungeon)

   [amulet of nothing]

   It protects you from negative energy.
 M - an uncursed ring of see invisible
 S - the ring of Dawn (on amulet) {rC++ Int+6 Slay+3 Stlth+}
   (You took it off a deep elf mage on level 3 of the Elven Halls)

   [ring of intelligence]

   It affects your intelligence (+6).
   It affects your accuracy and damage with ranged weapons and melee attacks
   (+3).
   It greatly protects you from cold.
   It makes you more stealthy.
 Z - a cursed -4 ring of evasion
Wands
 x - a wand of flame (72)
 B - a wand of disintegration (11)
 H - a wand of paralysis (17)
 O - a wand of iceblast (61)
 W - a wand of acid (23)
 X - a wand of digging (21)
Scrolls
 d - 11 scrolls of blinking
 e - 28 scrolls of remove curse
 m - 17 scrolls of teleportation
 r - 8 scrolls of amnesia
 u - a scroll of silence
 v - 2 scrolls of summoning
 L - 4 scrolls of fog
 N - 15 scrolls of identify
 P - 7 scrolls of fear
 U - a scroll of holy word
Potions
 g - 3 potions of heal wounds
 h - 16 potions of curing
 j - a potion of invisibility
 l - 10 potions of might
 n - 5 potions of magic
 o - 7 potions of cancellation
 s - a potion of mutation
 G - 9 potions of flight
 I - 4 potions of resistance
 R - 2 potions of brilliance
 Y - 9 potions of haste
Miscellaneous
 i - a phial of floods
 q - a phantom mirror
 C - a condenser vane
 J - a lightning rod (4/4)
 K - a box of beasts


   Skills:
 * Level 13.4 Fighting
 - Level 10.0 Short Blades
 + Level 12.5 Armour
 + Level 12.9 Dodging
 + Level 17.5 Stealth
 - Level 4.0 Shields
 + Level 13.4 Spellcasting
 - Level 6.1 Conjurations
 + Level 19.3 Necromancy
 - Level 2.0 Ice Magic
 + Level 18.5 Earth Magic
 - Level 14.2 Invocations
 + Level 10.2 Evocations


You had one spell level left.
You knew the following spells:

 Your Spells              Type           Power        Failure   Level
a - Pain                  Necr           100%         0%          1
b - Lee's Rapid Deconstr  Erth           54%          1%          5
c - Vampiric Draining     Necr           55%          0%          3
d - Agony                 Necr           100%         1%          5
e - Animate Dead          Necr           55%          0%          4
f - Passwall              Tmut/Erth      65%          1%          2
g - Stone Arrow           Conj/Erth      100%         1%          3
h - Borgnjor's Vile Clut  Necr/Erth      54%          1%          5
i - Death Channel         Necr           55%          1%          6
j - Iron Shot             Conj/Erth      45%          4%          6
k - Simulacrum            Ice/Necr       42%          9%          6

Your spell library contained the following spells:

 Spells                   Type           Power        Failure   Level
 Animate Skeleton         Necr           100%         0%          1
 Sandblast                Erth           100%         0%          1
 Foxfire                  Conj/Fire      100%         1%          1
 Freeze                   Ice            100%         1%          1
 Magic Dart               Conj           100%         1%          1
 Shock                    Conj/Air       100%         1%          1
 Apportation              Tloc           52%          4%          1
 Beastly Appendage        Tmut           52%          4%          1
 Corona                   Hex            28%          4%          1
 Sting                    Tmut/Pois      100%         4%          1
 Summon Small Mammal      Summ           100%         4%          1
 Sublimation of Blood     Necr           55%          0%          2
 Dispel Undead            Necr           100%         0%          4
 Corpse Rot               Necr/Air       N/A          1%          2
 Searing Ray              Conj           100%         1%          2
 Leda's Liquefaction      Hex/Erth       39%          1%          4
 Petrify                  Tmut/Erth      79%          1%          4
 Conjure Flame            Conj/Fire      51%          3%          3
 Dazzling Flash           Conj/Hex       100%         3%          3
 Static Discharge         Conj/Air       51%          3%          3
 Ensorcelled Hibernation  Hex/Ice        70%          4%          2
 Bolt of Magma            Conj/Fire/Erth 37%          4%          5
 Frozen Ramparts          Ice            86%          5%          3
 Mephitic Cloud           Conj/Pois/Air  43%          5%          3
 Ozocubu's Armour         Ice            43%          5%          3
 Blink                    Tloc           N/A          6%          2
 Poisonous Vapours        Pois/Air       52%          6%          2
 Slow                     Hex            26%          6%          2
 Wereblood                Tmut           26%          6%          2
 Hailstorm                Conj/Ice       56%          8%          4
 Iskenderun's Battlesphe  Conj           66%          10%         5
 Fulminant Prism          Conj/Hex       25%          12%         4
 Iskenderun's Mystic Bla  Conj/Tloc      51%          12%         4
 Sticky Flame             Conj/Fire      51%          12%         4
 Confusing Touch          Hex            26%          13%         3
 Gell's Gravitas          Tloc           13%          13%         3
 Ignite Poison            Fire/Tmut/Pois 26%          13%         3
 Inner Flame              Hex/Fire       26%          13%         3
 Lesser Beckoning         Tloc           13%          13%         3
 Portal Projectile        Hex/Tloc       52%          13%         3
 Spider Form              Tmut/Pois      13%          13%         3
 Teleport Other           Tloc           26%          13%         3
 Tukima's Dance           Hex            26%          13%         3
 Statue Form              Tmut/Erth      52%          14%         6
 Ice Form                 Ice/Tmut       35%          28%         4
 Summon Ice Beast         Ice/Summ       35%          28%         4
 Fireball                 Conj/Fire      25%          32%         5
 Irradiate                Conj/Tmut      25%          32%         5
 Cause Fear               Hex            13%          38%         4
 Passage of Golubria      Tloc           N/A          38%         4
 Summon Lightning Spire   Summ/Air       26%          38%         4
 Metabolic Englaciation   Hex/Ice        17%          61%         5
 Alistair's Intoxication  Tmut/Pois      17%          75%         5
 Blade Hands              Tmut           13%          75%         5
 Silence                  Hex/Air        13%          75%         5
 Summon Demon             Summ           13%          75%         5
 Summon Forest            Summ/Tloc      13%          75%         5
 Summon Mana Viper        Hex/Summ       26%          75%         5
 Yara's Violent Unravell  Hex/Tmut       13%          75%         5
 Conjure Ball Lightning   Conj/Air       25%          88%         6
 Freezing Cloud           Conj/Ice/Air   24%          91%         6
 Shatter                  Erth           54%          91%         9
 Ozocubu's Refrigeration  Ice            21%          95%         6
 Orb of Destruction       Conj           33%          96%         7
 Dispersal                Tloc           13%          100%        6
 Eringya's Noxious Bog    Tmut/Pois      13%          100%        6
 Invisibility             Hex            26%          100%        6
 Shadow Creatures         Summ           N/A          100%        6
 Malign Gateway           Summ/Tloc      13%          100%        7
 Spellforged Servitor     Conj/Summ      25%          100%        7
 Summon Hydra             Summ           13%          100%        7
 Discord                  Hex            13%          100%        8
 Disjunction              Tloc           13%          100%        8
 Tornado                  Air            13%          100%        9


Dungeon Overview and Level Annotations

Branches:
Dungeon (15/15)            Temple (1/1) D:4            Lair (6/6) D:8
 Shoals (4/4) Lair:2        Snake (4/4) Lair:4        Slime (1/5) Lair:5
    Orc (2/2) D:12            Elf (3/3) Orc:2        Vaults (4/5) D:14
  Crypt (0/3) Vaults:2     Depths (3/5) D:15         Bailey (visited)
Volcano (visited)          WizLab (visited)

Altars:
Ashenzari
Cheibriados
Dithmenos
Elyvilon
Fedhas
Gozag
Hepliaklqana
Kikubaaqudgha
Makhleb
Nemelex Xobeh
Okawaru
Qazlal
Ru
Sif Muna
Trog
Uskayaw
Vehumet
Wu Jian
Xom
Yredelemnul
Zin
The Shining One
Beogh

Shops:
D:8 *?*   D:9 [   D:11 =   Orc:1 *   Orc:2 *[([   Elf:2 *   Elf:3 =?
Shoals:2 ?(!(   Shoals:4 =   Snake:3 ***   Snake:4 ?   Vaults:2 !
Depths:1 =}=

Portals:
Hell: Lair:6 Depths:1 Depths:2
Abyss: Orc:2
Pandemonium: Depths:3
Ziggurat: Depths:2
Trove: Depths:2 (give 4 potions of resistance)

Annotations:
Vaults:2 exclusion: downstairs
Vaults:3 exclusion: upstairs, Mennas
Depths:2 2 transporters, sixsigma's ghost, veteran GnCj
Depths:3 3 runed translucent doors, Nikola


Innate Abilities, Weirdness & Mutations

You are resistant to damage.
You can heal yourself by infusing magical energy.
You resist negative energy. (rN+)
You passively map a large area around you.
You do not regenerate.


Message History

The lightning arc hits Nikola!
The lightning arc hits you!!
* * * LOW HITPOINT WARNING * * *
The lightning arc hits Nikola.
The lightning arc hits you!!
* * * LOW HITPOINT WARNING * * *
The lightning arc hits Nikola.
You hear a deafening roar!
Casting: Vampiric Draining (safe; 0% risk of failure)
Confirm with . or Enter, or press ? or * to list all spells.
Aiming: Vampiric Draining (safe; 0% risk of failure)
Press: ? - help, Shift-Dir - straight line, f/p - Nikola
Aim: Nikola, wielding a +0 rapier of electrocution, wearing a +1 cloak of preservation and wearing a +0 pair of gloves (almost dead) Nikola is almost dead.
You feel life coursing into your body! Nikola hits you but does no damage.
You feel much better.
Nikola gestures wildly while chanting.
You hear a mighty clap of thunder!
The lightning arc hits you!!!
* * * LOW HITPOINT WARNING * * *
The lightning arc hits Nikola!
The lightning arc hits you!!
You die...

,*,#.....#...#........#.........#
* *#.#...#.#.#)(.##.##.##########
#.##..##...##..#...##.......# #.#
##(#8...##.##...#########. *# *
###...⌠.###.....#* ,** , *
##....###.....## , *
###.####.......#**** *
*#.....##.@.....# *
*#.#.#.#.@....... , ,
*...###........... *
#.##.#.#.########## * #. #.....#
* . ####### * *


You could see Nikola.

Vanquished Creatures
  Vashnia (Snake:2)
  the Enchantress (Depths:1)
  The ghost of wilfster70 the Basher, an adept GnIE of Ashenzari (Shoals:4)
  A Cloud Mage (WizLab)
  The ghost of kalagan the Eclecticist, an adept DECj of Sif Muna (Shoals:4)
  2 deep elf blademasters (Elf:3)
  A lich (Depths:2)
  2 deep elf master archers (Elf:3)
  Frances (D:14)
  3 sphinxes
  A tengu reaver (Depths:3)
  Roxanne (Shoals:3)
  7 nagarajas
  5 fire giants
  An orc warlord (Orc:2)
  4 deep elf sorcerers
  5 vault wardens
  6 frost giants
  Aizul (Snake:1)
  2 deep elf elementalists (Elf:3)
  3 ironheart preservers
  8 stone giants
  A vampire knight (Depths:2)
  5 spriggan defenders
  4 very ugly things
  7 deep elf demonologists (Elf:3)
  Nessos (D:12)
  The ghost of monk26 the Warrior, a journeyman MiWn of Makhleb (Lair:4)
  Azrael (Snake:3)
  6 deep elf annihilators (Elf:3)
  A dire elephant (Lair:6)
  Snorg (Lair:6)
  7 ettins
  An entropy weaver (Vaults:4)
  12 deep elf death magi
  7 merfolk impalers
  5 merfolk javelineers
  Josephine (Snake:1)
  A deep elf high priest (Elf:3)
  16 fire dragons
  11 yaktaur captains
  6 great orbs of eyes
  6 rakshasas
  2 catoblepae
  8 hydras
  3 vault guards
  Harold (D:10)
  6 ice dragons
  A hell beast (Depths:1)
  3 merfolk avatars
  12 naga warriors
  14 spriggan air magi
  14 centaur warriors
  Erica (D:8)
  A death knight (D:15)
  11 anacondas
  9 boulder beetles
  A merfolk aquamancer (Shoals:1)
  22 two-headed ogres
  An alligator snapping turtle (Shoals:4)
  17 death yaks
  24 dancing weapons
  6 deep troll earth magi
  A tengu warrior (Depths:2)
  3 satyrs
  9 ogre magi
  The ghost of arta456 the Destroyer, a novice DgCj (Orc:2)
  Urug (Lair:6)
  4 deep troll shamans
  A storm dragon zombie (Vaults:2)
  A spriggan berserker (Depths:2)
  An orc high priest (Orc:2)
  2 shock serpents
  12 naga sharpshooters
  A sun demon (Lair:6)
  12 deep elf knights
  A small abomination (Elf:3)
  2 death drakes (WizLab)
  5 skeletal warriors
  21 sea snakes
  2 unseen horrors
  11 wizards
  13 deep trolls
  A kraken simulacrum (Shoals:4)
  Pikel (D:9)
  2 flayed ghosts
  6 naga ritualists
  2 storm dragon skeletons
  A tengu zombie (Vaults:4)
  A glowing orange brain (Orc:2)
  4 deep elf archers
  A lindwurm (Lair:6)
  A harpy (shapeshifter) (Vaults:4)
  A swamp dragon (shapeshifter) (Depths:3)
  An obsidian statue (Orc:1)
  22 orc knights
  2 harpies (Shoals:4)
  2 ironbrand convokers
  49 deep elf magi
  An orb spider (shapeshifter) (D:13)
  8 necromancers
  36 ugly things
  2 tengu skeletons (Vaults:2)
  A wolf spider (shapeshifter) (Vaults:3)
  3 wolf spiders
  15 mana vipers
  6 oklob plants
  6 orc sorcerers
  A shining eye (shapeshifter) (Depths:2)
  A sphinx skeleton (Vaults:2)
  A frost giant zombie (Vaults:1)
  5 salamanders
  10 fauns
  5 guardian serpents
  6 cyclopes
  7 merfolk sirens
  3 human skeletons
  11 manticores
  Joseph (D:9)
  8 vault sentinels
  9 naga magi
  2 stone giant skeletons (Vaults:2)
  An apocalypse crab (WizLab)
  13 cane toads
  11 elephants
  3 gargoyles
  A torpor snail (shapeshifter) (Depths:2)
  An orange demon (Lair:6)
  A molten gargoyle (Volcano)
  A torpor snail (Lair:5)
  35 black mambas
  3 water nymphs
  2 orc skeletons
  A cane toad (shapeshifter) (D:14)
  Psyche (D:10)
  2 yaktaur zombies
  11 rime drakes
  Maggie (D:9)
  10 komodo dragons
  4 kobold demonologists
  10 yaktaurs
  A rime drake (shapeshifter) (Vaults:4)
  An efreet (D:13)
  8 trolls
  A hellwing (Orc:2)
  7 freezing wraiths
  2 red devils
  A tengu conjurer (Depths:2)
  2 yaktaur skeletons
  A meliai (shapeshifter) (Depths:2)
  A troll (shapeshifter) (Elf:3)
  16 merfolk
  A queen bee (shapeshifter) (Vaults:1)
  4 polar bears
  11 wind drakes
  3 hornets
  A harpy skeleton (D:15)
  Prince Ribbit (D:7)
  A raiju (Orc:2)
  14 blink frogs
  A raiju (shapeshifter) (Vaults:1)
  12 snapping turtles
  18 slime creatures
  12 dream sheep
  A stone giant simulacrum (Vaults:4)
  A centaur simulacrum (D:15)
  4 spriggans
  Sigmund (D:5)
  11 air elementals
  3 flying skulls (Depths:1)
  5 wraiths
  A redback (Vaults:4)
  10 water elementals
  6 fire elementals
  19 humans (D:14)
  A shadow (D:15)
  5 ettin skeletons
  2 fire bats (Volcano)
  71 yaks
  4 basilisks
  3 humans (shapeshifter)
  11 wyverns
  A hog (shapeshifter) (Depths:3)
  Grum (D:11)
  A yaktaur simulacrum (Vaults:1)
  A basilisk (shapeshifter) (Elf:1)
  13 wargs
  9 vampire mosquitoes
  3 human simulacra
  38 nagas
  3 soldier ants
  3 acid dragons
  Duvessa (D:5)
  6 hell hounds
  27 water moccasins
  55 orc warriors
  2 phantoms
  11 ice beasts
  An elf zombie (Vaults:2)
  An orc zombie (Vaults:2)
  37 ogres
  7 sky beasts
  7 black bears
  4 necrophages
  3 boggarts
  10 wolves
  5 human zombies
  A wolf (shapeshifter) (Vaults:3)
  40 centaurs
  2 big kobolds
  7 gnoll sergeants (Bailey)
  A wyvern zombie (D:8)
  23 bullfrogs
  Dowan (D:5)
  2 earth elementals (Elf:3)
  4 scorpions
  3 killer bees
  13 wights
  A howler monkey (D:4)
  6 electric eels
  5 lava snakes (Volcano)
  2 bullfrog zombies
  2 quasits
  10 hounds
  6 jellies
  6 gnoll shamans (Bailey)
  33 orc priests
  3 bullfrog skeletons
  44 orc wizards
  8 centaur skeletons
  Jessica (D:2)
  4 iguanas
  13 worker ants
  2 hound skeletons
  A howler monkey zombie (D:9)
  A worker ant zombie (D:7)
  19 adders
  20 gnolls
  A shadow imp (D:7)
  A white imp (D:7)
  2 ufetubi
  5 oozes
  A dart slug (D:1)
  5 leopard geckos
  137 orcs
  4 ball pythons
  5 bats
  5 giant cockroaches
  7 goblins
  8 hobgoblins
  5 jackals
  3 quokkas
  5 frilled lizards
  A jackal skeleton (D:5)
  17 kobolds
  11 rats
  4 crawling corpses (Elf:3)
1817 creatures vanquished.

Vanquished Creatures (collateral kills)
  Bai Suzhen (Shoals:4)
  Ilsuiw (Shoals:3)
  2 nagarajas (Snake:4)
  A fire giant (Depths:2)
  A frost giant (Vaults:3)
  A deep elf sorcerer (Elf:3)
  4 ironheart preservers
  2 ettins
  A fire dragon (Depths:2)
  A merfolk javelineer (Shoals:4)
  A merfolk impaler (Shoals:4)
  2 yaktaur captains
  A rakshasa (Vaults:3)
  A boulder beetle (Vaults:4)
  A hydra (Lair:5)
  A catoblepas (Lair:6)
  4 anacondas
  3 ogre magi
  6 two-headed ogres
  3 deep troll shamans (Vaults:3)
  A tengu warrior (Depths:2)
  2 naga sharpshooters (Snake:2)
  2 death yaks
  An orc high priest (Orc:2)
  A deep elf knight (Vaults:2)
  An iron troll (Depths:1)
  2 salamander mystics
  3 deep trolls
  3 sea snakes
  A skeletal warrior (Vaults:2)
  A necromancer (Vaults:4)
  3 orc knights
  4 ugly things (Volcano)
  2 mana vipers (Snake:4)
  A manticore (D:13)
  A faun (Shoals:3)
  A cyclops (Vaults:1)
  4 salamanders
  4 elephants (Lair:5)
  6 naga magi
  4 black mambas
  A guardian serpent (Snake:4)
  A vault sentinel (Vaults:3)
  A molten gargoyle (Volcano)
  A smoke demon (Volcano)
  A cane toad (Lair:4)
  An orange demon (Lair:6)
  2 yaktaurs
  A freezing wraith (Vaults:3)
  A hellwing (Lair:6)
  2 komodo dragons
  2 ice devils (Lair:6)
  2 merfolk (Shoals:4)
  A fire giant simulacrum (Depths:1)
  A wind drake (WizLab)
  3 flying skulls (Depths:1)
  2 snapping turtles (Shoals:4)
  An ettin skeleton (Vaults:2)
  A tarantella (Vaults:4)
  A water elemental (Shoals:4)
  A spriggan (Lair:4)
  A wyvern (Lair:4)
  2 yaks (Lair:6)
  2 basilisks (Lair:6)
  9 nagas
  5 hell hounds
  A water moccasin (Lair:4)
  A large abomination (Orc:2)
  3 orc warriors
  A wolf (Lair:5)
  A boggart (Depths:3)
  4 ogres
  2 centaurs
  A gnoll sergeant (Bailey)
  2 wights (D:10)
  An electric eel (Snake:2)
  An orc priest (Vaults:3)
  3 orc wizards
  A gnoll (Bailey)
  An adder (Lair:4)
  12 orcs
  A crawling corpse (Elf:3)
168 creatures vanquished.

Vanquished Creatures (others)
  A blizzard demon (WizLab)
  A ghost crab (WizLab)
  A spriggan air mage (WizLab)
  A naga (Snake:2)
  2 centaurs (Vaults:2)
  60 fungi
  173 plants
  4 withered plants (Shoals:4)
243 creatures vanquished.

Grand Total: 2228 creatures vanquished

Notes
Turn   | Place    | Note
-------+----------+-------------------------------------------
     0 | D:1      | raph the Deep Dwarf Necromancer began the quest for the
                  | Orb.
     0 | D:1      | Reached XP level 1. HP: 15/15 MP: 3/3
    12 | D:1      | Learned a level 1 spell: Animate Skeleton
   389 | D:1      | Reached XP level 2. HP: 22/22 MP: 0/4
   541 | D:1      | Reached skill level 5 in Necromancy
  1242 | D:2      | Reached XP level 3. HP: 28/28 MP: 0/5
  1246 | D:2      | Learned a level 3 spell: Vampiric Draining
  1352 | D:2      | Reached skill level 6 in Necromancy
  1572 | D:2      | Reached XP level 4. HP: 34/36 MP: 0/6
  2044 | D:2      | Noticed Jessica
  2056 | D:2      | Killed Jessica
  3449 | D:2      | Reached XP level 5. HP: 29/42 MP: 0/6
  4682 | D:4      | Reached skill level 7 in Necromancy
  4981 | D:4      | Reached skill level 1 in Armour
  5007 | D:4      | Reached skill level 1 in Fighting
  5007 | D:4      | Reached XP level 6. HP: 49/51 MP: 4/8
  5029 | D:4      | Reached skill level 1 in Short Blades
  5505 | D:4      | Found a shadowy altar of Dithmenos.
  6607 | D:4      | Found a staircase to the Ecumenical Temple.
  6613 | Temple   | Entered the Ecumenical Temple
  6740 | Temple   | Became a worshipper of Makhleb the Destroyer
  6810 | D:5      | Entered Level 5 of the Dungeon
  6843 | D:5      | Reached XP level 7. HP: 57/57 MP: 1/9
  6847 | D:5      | Noticed Sigmund
  7086 | D:5      | Noticed Duvessa
  7087 | D:5      | Noticed Dowan
  7142 | D:5      | Killed Duvessa
  7500 | D:5      | Killed Dowan
  7516 | D:5      | Reached skill level 8 in Necromancy
  8208 | D:6      | Reached XP level 8. HP: 64/67 MP: 1/11
  8314 | D:6      | Reached skill level 1 in Invocations
  8555 | D:6      | Learned a level 5 spell: Agony
  8590 | D:6      | Found the ring of the Hare {EV+8}
 10010 | D:7      | Noticed Prince Ribbit
 10014 | D:7      | Reached * piety under Makhleb
 10042 | D:7      | Killed Prince Ribbit
 10043 | D:7      | Reached skill level 9 in Necromancy
 10620 | D:7      | Gained mutation: You passively map the area around you.
                  | [Deep Dwarf growth]
 10620 | D:7      | Reached XP level 9. HP: 73/73 MP: 6/13
 11182 | D:7      | Learned a level 4 spell: Animate Dead
 11890 | D:8      | Reached skill level 5 in Short Blades
 12253 | D:8      | Reached skill level 5 in Stealth
 12480 | D:8      | Noticed a two-headed ogre
 12501 | D:8      | Killed a two-headed ogre
 12502 | D:8      | Reached skill level 10 in Necromancy
 12509 | D:8      | Found a staircase to the Lair.
 12640 | D:8      | Reached skill level 5 in Invocations
 12701 | D:8      | Found Maimuel's Assorted Antiques.
 12709 | D:8      | Bought a scroll labelled HOOSSI HASHRIJEAJ for 27 gold
                  | pieces
 12709 | D:8      | Bought a scroll of identify for 54 gold pieces
 12709 | D:8      | Bought a small bone ring for 135 gold pieces
 12709 | D:8      | Bought a scroll of enchant armour for 202 gold pieces
 12935 | D:8      | Found Sycuiplu's Lightly-Used Armoury.
 12991 | D:8      | Found Jelorudemmi's Magic Scroll Emporium.
 12999 | D:8      | Bought a scroll of identify for 28 gold pieces
 13315 | D:9      | Found the macabre finger necklace {rN+}
 13381 | D:9      | Reached XP level 10. HP: 81/81 MP: 8/15
 14023 | D:9      | Reached ** piety under Makhleb
 14381 | D:5      | Killed Sigmund
 15365 | Lair:1   | Entered Level 1 of the Lair of Beasts
 15365 | Lair:1   | Noticed a black mamba
 15378 | D:8      | Killed a black mamba
 15650 | Lair:1   | Noticed Erica
 15859 | D:8      | Reached skill level 5 in Spellcasting
 16077 | D:8      | Killed Erica
 16078 | D:8      | Reached skill level 11 in Necromancy
 16195 | Lair:1   | Noticed a cane toad
 16203 | Lair:1   | Killed a cane toad
 16363 | Lair:1   | Identified Qoysyck's Tome of Ice
 16430 | Lair:1   | Reached XP level 11. HP: 90/90 MP: 3/18
 16841 | Lair:1   | Reached skill level 1 in Evocations
 17258 | Lair:1   | Reached skill level 12 in Necromancy
 17625 | Lair:1   | You fall into a shaft and drop 1 floor!
 17625 | Lair:2   | Noticed a death yak
 17625 | Lair:2   | Noticed a death yak
 17626 | Lair:2   | Noticed a death yak
 17836 | Lair:2   | Reached *** piety under Makhleb
 18005 | Lair:2   | Found a staircase to the Shoals.
 18036 | Lair:2   | Noticed an oklob plant
 18963 | Lair:1   | Killed a death yak
 19065 | Lair:1   | Killed a death yak
 19164 | Lair:1   | Killed a death yak
 19165 | Lair:1   | Reached XP level 12. HP: 90/97 MP: 2/20
 19827 | Lair:3   | Reached skill level 5 in Evocations
 19927 | Lair:3   | Learned a level 2 spell: Passwall
 19931 | Lair:3   | Learned a level 3 spell: Stone Arrow
 19991 | Lair:3   | Reached skill level 13 in Necromancy
 20042 | Lair:3   | Reached skill level 1 in Earth Magic
 20169 | Lair:3   | Noticed a four-headed hydra
 20185 | Lair:3   | Killed a four-headed hydra
 21271 | Lair:4   | Noticed a catoblepas
 21761 | Lair:4   | Reached **** piety under Makhleb
 21805 | Lair:4   | Found a staircase to the Snake Pit.
 21961 | Lair:4   | Killed a catoblepas
 21962 | Lair:4   | Reached skill level 10 in Short Blades
 22016 | Lair:4   | Noticed a death yak
 22048 | Lair:4   | Killed a death yak
 22386 | Lair:4   | Found a runed translucent door.
 22387 | Lair:4   | Noticed monk26's ghost (journeyman MiWn)
 22461 | Lair:4   | Identified the +6 trident "Mewea" {freeze, Str+4}
 22738 | Lair:5   | Noticed a death yak
 22738 | Lair:5   | Noticed a death yak
 22738 | Lair:5   | Noticed a death yak
 22738 | Lair:5   | Noticed a death yak
 22738 | Lair:5   | Noticed a death yak
 22750 | Lair:4   | Killed a death yak
 22888 | Lair:4   | Killed a death yak
 22889 | Lair:4   | Reached XP level 13. HP: 71/105 MP: 0/22
 23439 | Lair:3   | Reached skill level 10 in Invocations
 24162 | Lair:5   | Reached skill level 14 in Necromancy
 24344 | Lair:5   | Reached skill level 5 in Earth Magic
 24453 | Lair:5   | Learned a level 6 spell: Simulacrum
 24613 | Lair:5   | Found a staircase to the Slime Pits.
 24958 | Lair:5   | Learned a level 5 spell: Borgnjor's Vile Clutch
 25021 | Lair:5   | Reached skill level 5 in Fighting
 25233 | Lair:5   | Reached ***** piety under Makhleb
 25241 | Lair:5   | Reached skill level 1 in Ice Magic
 25783 | Lair:6   | Entered Level 6 of the Lair of Beasts
 26026 | D:9      | Found Bubliteat's Armour Boutique.
 26301 | D:9      | Identified the +7 hand axe of Qeytadet {freeze, Str+5}
 26451 | D:9      | Noticed Joseph
 26461 | D:9      | Killed Joseph
 26636 | D:9      | Noticed Pikel
 26648 | D:9      | Killed Pikel
 26653 | D:9      | Noticed Maggie
 27072 | D:9      | Killed Maggie
 27168 | D:10     | Entered Level 10 of the Dungeon
 27168 | D:10     | Noticed Harold
 27168 | D:10     | Noticed Psyche
 27172 | D:10     | Killed Psyche
 28244 | D:10     | Found a transporter.
 28312 | D:10     | Found a transporter.
 28566 | D:8      | Bought 2 black potions for 48 gold pieces
 28566 | D:8      | Bought a potion of magic for 216 gold pieces
 28566 | D:8      | Bought a coral ring for 135 gold pieces
 28652 | D:10     | Killed Harold
 29152 | D:10     | Found a roughly hewn altar of Beogh.
 29496 | D:11     | Found Cautru's Jewellery Emporium.
 29771 | D:11     | Gained mutation: You resist negative energy. (rN+) [Deep
                  | Dwarf growth]
 29771 | D:11     | Reached XP level 14. HP: 117/117 MP: 1/24
 30112 | D:11     | Noticed Grum
 30147 | D:11     | Killed Grum
 30322 | D:11     | Learned a level 5 spell: Lee's Rapid Deconstruction
 30591 | D:11     | Got a brightly glowing hunting sling
 30592 | D:11     | Identified the +9 hunting sling of Febomiyc {speed, *Contam
                  | rC+ Str+4 Int+5} (You found it on level 11 of the Dungeon)
 30884 | D:12     | Found a flagged portal.
 30986 | Bailey   | Entered a bailey
 31575 | Bailey   | Identified the ring of Araloitt {rPois Str+6}
 32615 | D:12     | Reached skill level 15 in Necromancy
 32724 | D:12     | Reached ****** piety under Makhleb
 32991 | D:12     | Noticed Nessos
 33001 | D:12     | Killed Nessos
 33002 | D:12     | Reached skill level 5 in Dodging
 33418 | D:12     | Found a staircase to the Orcish Mines.
 33490 | Orc:1    | Entered Level 1 of the Orcish Mines
 33787 | Orc:1    | Found a dark tunnel.
 33793 | Volcano  | Entered a volcano
 34417 | Volcano  | HP: 5/120 [something (14)]
 34448 | Volcano  | Found a radiant altar of Vehumet.
 34533 | Volcano  | HP: 2/120 [molten gargoyle/bolt of magma (21)]
 35303 | Orc:1    | Found Idietaem's Assorted Antiques.
 35312 | Orc:1    | Bought a potion of heal wounds for 150 gold pieces
 35312 | Orc:1    | Bought a runed sapphire ring for 150 gold pieces
 35312 | Orc:1    | Bought a scroll of identify for 60 gold pieces
 35312 | Orc:1    | Bought a scroll of identify for 60 gold pieces
 35665 | Orc:1    | Found a burning altar of Makhleb.
 35744 | Orc:2    | Entered Level 2 of the Orcish Mines
 35905 | Orc:2    | Found a transporter.
 36076 | Orc:2    | Identified the cursed +3 broad axe "Tikeadgh" {distort,
                  | *Slow Str+4 Int+2}
 36084 | Orc:2    | Found a transporter.
 36095 | Orc:2    | Noticed arta456's ghost (novice DgCj)
 36096 | Orc:2    | Noticed a white very ugly thing
 36160 | Orc:2    | Found a runed translucent door.
 36183 | Orc:2    | Found a roughly hewn altar of Beogh.
 36400 | Orc:2    | Reached skill level 10 in Stealth
 36946 | Orc:2    | Noticed an orc warlord
 36964 | Orc:2    | Killed an orc warlord
 37400 | Orc:2    | Found Verocarph's Antique Weapon Shoppe.
 37401 | Orc:2    | Found a roughly hewn altar of Beogh.
 37404 | Orc:2    | Found Vocetsuha's Antique Armour Emporium.
 37421 | Orc:2    | Bought a pair of glowing gloves for 255 gold pieces
 37442 | Orc:2    | Bought a fine helmet for 323 gold pieces
 37452 | Orc:2    | Identified the +2 helmet of the Untouchables {+Blink Regen+
                  | rCorr Stlth+} (You bought it in a shop on level 2 of the
                  | Orcish Mines)
 37488 | Orc:2    | Found a roughly hewn altar of Beogh.
 37558 | Orc:2    | Found a staircase to the Elven Halls.
 37612 | Orc:2    | Found a roughly hewn altar of Beogh.
 37839 | Orc:2    | Found a roughly hewn altar of Beogh.
 37842 | Orc:2    | Found Zymicuna's General Store.
 37858 | Orc:2    | Reached skill level 10 in Earth Magic
 37889 | Orc:2    | Bought a potion of heal wounds for 65 gold pieces
 38183 | Orc:2    | Found a roughly hewn altar of Beogh.
 38190 | Orc:2    | Found Pyrghedwe's Armour Shop.
 38198 | Orc:2    | Bought a +0 buckler for 63 gold pieces
 38629 | Orc:2    | Found a roughly hewn altar of Beogh.
 38790 | Orc:2    | Found a roughly hewn altar of Beogh.
 39218 | D:13     | Reached skill level 1 in Shields
 39970 | D:13     | Identified the +10 battleaxe "Ymojist" {freeze, Str+7}
 39970 | D:13     | Noticed a frost giant
 40263 | D:13     | Killed a frost giant
 40264 | D:13     | Reached XP level 15. HP: 82/128 MP: 2/26
 42043 | D:14     | Noticed Frances
 42048 | D:14     | Killed Frances
 44597 | D:14     | Found a gate to the Vaults.
 44942 | D:15     | Entered Level 15 of the Dungeon
 46107 | D:15     | Found a burning altar of Makhleb.
 46588 | D:15     | Found a staircase to the Depths.
 48411 | Lair:5   | Reached XP level 16. HP: 75/140 MP: 16/27
 48610 | Lair:5   | Reached skill level 16 in Necromancy
 49565 | Slime:1  | Entered Level 1 of the Pits of Slime
 50651 | Lair:6   | Noticed Snorg
 50657 | Lair:6   | Killed Snorg
 51033 | Lair:6   | Noticed Urug
 51041 | Lair:6   | Killed Urug
 52700 | Lair:6   | Found a burning altar of Makhleb.
 53177 | Lair:6   | Found a gateway to Hell.
 53184 | Lair:6   | Identified the Guide on Aerial Envenoming
 53952 | Shoals:1 | Entered Level 1 of the Shoals
 55194 | Shoals:2 | Reached skill level 5 in Armour
 55976 | Shoals:2 | Found Kosoepto's Antique Weapon Emporium.
 56147 | Shoals:2 | Noticed a kraken
 56183 | Shoals:2 | Found Ajagof's Distillery.
 56195 | Shoals:2 | Bought a potion of heal wounds for 90 gold pieces
 56195 | Shoals:2 | Bought a potion of haste for 180 gold pieces
 56195 | Shoals:2 | Bought a potion of haste for 180 gold pieces
 56777 | Shoals:2 | Found Upnuvu Hawu's Magic Scroll Emporium.
 56798 | Shoals:2 | Bought a scroll of blinking for 105 gold pieces
 56798 | Shoals:2 | Bought a scroll of enchant armour for 105 gold pieces
 56829 | Shoals:2 | Found Bozekkye's Weapon Shop.
 57411 | Shoals:3 | Learned a level 6 spell: Death Channel
 57539 | Shoals:3 | Noticed Roxanne
 57850 | Shoals:3 | Noticed Ilsuiw
 57878 | Shoals:3 | Reached XP level 17. HP: 128/150 MP: 4/29
 57889 | Shoals:3 | Killed Ilsuiw
 57915 | Shoals:3 | Got a pitted ivory ring
 57917 | Shoals:3 | Identified the ring of Doubts {rN+ MP+9 Int+7} (You found
                  | it on level 3 of the Shoals)
 58780 | Shoals:3 | Found a blossoming altar of Fedhas.
 59659 | Snake:1  | Entered Level 1 of the Snake Pit
 59663 | Snake:1  | Found a burning altar of Makhleb.
 60025 | Snake:1  | Noticed Josephine
 60236 | Snake:1  | Killed Josephine
 60362 | Snake:1  | Reached skill level 10 in Spellcasting
 60693 | Snake:1  | Reached skill level 17 in Necromancy
 60701 | Snake:1  | Reached skill level 1 in Conjurations
 60732 | Snake:1  | Noticed Aizul
 60744 | Snake:1  | Killed Aizul
 61350 | Snake:2  | Found a flickering gateway to a bazaar.
 61368 | Bazaar   | Entered a bazaar
 61368 | Bazaar   | Found Jipliz's Distillery.
 61375 | Bazaar   | Found Moruabag's Antique Weapon Boutique.
 61395 | Bazaar   | Found Zoxzit's Gadget Emporium.
 61406 | Bazaar   | Found Xaugg's General Store.
 61415 | Bazaar   | Found Niamu's Antique Armour Shop.
 61423 | Bazaar   | Bought a pair of glowing gloves for 127 gold pieces
 61433 | Bazaar   | Bought a faintly glowing robe for 96 gold pieces
 61443 | Bazaar   | Identified the +1 robe "Buakk" {-Cast rN++ rCorr Slay+5}
                  | (You bought it in a shop in a bazaar)
 61466 | Bazaar   | Bought a potion of haste for 100 gold pieces
 61466 | Bazaar   | Bought a potion of magic for 80 gold pieces
 61492 | Bazaar   | Bought a wand of acid (3) for 168 gold pieces
 62229 | Snake:2  | Noticed Vashnia
 62936 | Snake:2  | Killed Vashnia
 64186 | Snake:3  | Found Ziuq's General Store.
 64247 | Snake:3  | Reached skill level 15 in Earth Magic
 64772 | Snake:3  | Found Ketz's Assorted Antiques.
 64840 | Snake:3  | Found Niossedo's Assorted Antiques.
 64842 | Snake:3  | Bought a potion of heal wounds for 165 gold pieces
 64933 | Snake:3  | Noticed Azrael
 64964 | Snake:3  | Killed Azrael
 64965 | Snake:3  | Gained mutation: You passively map a large area around you.
                  | [Deep Dwarf growth]
 64965 | Snake:3  | Reached XP level 18. HP: 135/160 MP: 15/31
 65594 | Snake:4  | Entered Level 4 of the Snake Pit
 65594 | Snake:4  | Found Xeisul's Magic Scroll Emporium.
 66409 | Snake:4  | Identified the Incunabulum of the Oath and Necromancy
 66652 | Snake:4  | Reached skill level 5 in Conjurations
 67331 | Snake:4  | Reached skill level 10 in Fighting
 67852 | Snake:4  | Got a serpentine rune of Zot
 68379 | Vaults:1 | Entered Level 1 of the Vaults
 68983 | Snake:3  | Bought a scroll of enchant armour for 247 gold pieces
 71422 | Vaults:1 | Learned a level 6 spell: Iron Shot
 71531 | Vaults:1 | Reached XP level 19. HP: 169/169 MP: 20/33
 72639 | Vaults:2 | Found Aryucrio's Distillery.
 74182 | Vaults:2 | Found a staircase to the Crypt.
 75944 | Vaults:3 | Identified the +4 ring mail of Xiwnudadd {+Inv}
 75955 | Vaults:3 | Reached skill level 10 in Dodging
 76000 | Vaults:3 | Reached skill level 15 in Stealth
 76748 | Vaults:3 | Reached skill level 18 in Necromancy
 78047 | Vaults:3 | Noticed Mennas
 78532 | Vaults:4 | Found a flickering gateway to a bazaar.
 78544 | Bazaar   | Entered a bazaar
 78574 | Bazaar   | Found Denoij's Weapon Emporium.
 78575 | Bazaar   | Found Rachal's Gadget Emporium.
 78619 | Bazaar   | Found Qennocy's Assorted Antiques.
 78620 | Bazaar   | Found Retyjac's Jewellery Shoppe.
 78655 | Bazaar   | Bought a potion of heal wounds for 105 gold pieces
 78655 | Bazaar   | Bought a potion of heal wounds for 105 gold pieces
 78731 | Vaults:4 | Got a warped silver ring
 79001 | Vaults:4 | Got a smoking brass ring
 79002 | Vaults:4 | Identified the ring "Baymat" {Wiz Int+3} (You found it on
                  | level 4 of the Vaults)
 79003 | Vaults:4 | Identified the ring "Ciuqer" {+Fly rPois Will- Str+3 Int+3}
                  | (You found it on level 4 of the Vaults)
 79133 | Vaults:4 | Identified the Handbook of the Flying Rocks
 79308 | Vaults:4 | Found the +8 longbow "Zephyr" {speed, Dex+3 SInv}
 79319 | Vaults:4 | Reached XP level 20. HP: 180/180 MP: 24/35
 79702 | Vaults:4 | Reached skill level 10 in Armour
 81638 | Lair:4   | Killed monk26's ghost
 82206 | Orc:2    | Found a roughly hewn altar of Beogh.
 82404 | Orc:2    | Killed arta456's ghost
 82494 | Orc:2    | Found a one-way gate to the infinite horrors of the Abyss.
 82772 | Elf:1    | Entered Level 1 of the Elven Halls
 83758 | Elf:1    | HP: 8/181 [deep elf sorcerer/damnation (30)]
 84315 | Elf:1    | Got a smoking emerald amulet
 84338 | Elf:1    | Identified the amulet of Saah {Inacc Dex+5} (You found it
                  | on level 1 of the Elven Halls)
 84430 | Elf:1    | Identified the +0 pair of boots "Leyng" {rN+ Int+3 Dex+5}
                  | (You found it on level 1 of the Elven Halls)
 85219 | Elf:2    | Found Koaril's General Store.
 85226 | Elf:2    | Bought a potion of magic for 144 gold pieces
 85678 | Elf:2    | Found a huge runed translucent gate.
 85678 | Elf:2    | Found a huge runed translucent gate.
 85678 | Elf:2    | Found a huge runed translucent gate.
 85678 | Elf:2    | Found a huge runed translucent gate.
 85680 | Elf:2    | Found a huge runed translucent gate.
 87273 | Elf:3    | Entered Level 3 of the Elven Halls
 87273 | Elf:3    | Found Egieskun's Magic Scroll Boutique.
 87279 | Elf:3    | Bought a scroll of enchant armour for 97 gold pieces
 87300 | Elf:3    | Found a radiant altar of Vehumet.
 87394 | Elf:3    | Found Dumuqiro's Jewellery Emporium.
 87423 | Elf:3    | Found a radiant altar of Vehumet.
 87987 | Elf:3    | Identified the ring of Dawn {rC++ Int+6 Slay+3 Stlth+}
 87997 | Elf:3    | Reached XP level 21. HP: 189/189 MP: 11/36
 88395 | Elf:3    | Identified the cursed ring of Zin's Castigation {rElec rN+
                  | Will- Dex-4}
 89047 | Elf:3    | Identified the Disquisition on Dusty Execration
 89186 | Elf:3    | Got an ancient cloak
 89197 | Elf:3    | Identified the cursed +0 cloak "Cigeppum" {Harm Regen+
                  | MP+9} (You found it on level 3 of the Elven Halls)
 89209 | Elf:3    | Identified the Incunabulum of Dusty Unholy Secrets
 89246 | Elf:3    | Got bronze pearl dragon scales
 89257 | Elf:3    | Identified the cursed +0 pearl dragon scales "Ivurgh" {Harm
                  | rPois rN+ Str+7 Int-2} (You found it on level 3 of the
                  | Elven Halls)
 89335 | Elf:3    | Identified Ganol's Tome of Damaging Displacement
 90124 | Shoals:3 | Killed Roxanne
 90213 | Shoals:4 | Entered Level 4 of the Shoals
 90403 | Shoals:4 | Found Lamux's Jewellery Boutique.
 90496 | Shoals:4 | Found a runed translucent gate.
 90501 | Shoals:4 | Found a runed translucent gate.
 90543 | Shoals:4 | Noticed Bai Suzhen
 90941 | Shoals:4 | Killed Bai Suzhen
 90952 | Shoals:4 | Found a runed translucent gate.
 90954 | Shoals:4 | Noticed kalagan's ghost (adept DECj)
 90954 | Shoals:4 | Noticed wilfster70's ghost (adept GnIE)
 90975 | Shoals:4 | Killed kalagan's ghost
 90991 | Shoals:4 | Killed wilfster70's ghost
 91443 | Shoals:4 | Identified Vehumet's Papyrus of Conjuration
 91746 | Shoals:4 | Got a barnacled rune of Zot
 92636 | Depths:1 | Entered Level 1 of the Depths
 93044 | Depths:1 | Noticed the Enchantress
 93061 | Depths:1 | Killed the Enchantress
 93470 | Depths:1 | Found Ecatwyd's Jewellery Shop.
 93470 | Depths:1 | Found Ahocreh's Gadget Shoppe.
 93471 | Depths:1 | Found Faquc's Jewellery Shop.
 93696 | Depths:2 | Reached skill level 19 in Necromancy
 93969 | Depths:2 | You fall into a shaft and drop 1 floor!
 94053 | Depths:3 | Reached XP level 22. HP: 192/200 MP: 38/38
 94325 | Depths:2 | Found a magical portal.
 94337 | WizLab   | Entered The Chambers of the Cloud Mage
 94747 | WizLab   | Identified the cursed +3 quick blade of Vengeance {holy,
                  | Str+6 Int-4}
 94874 | WizLab   | Identified the +9 whip of Afox {vorpal, rF+ Int+4}
 95151 | WizLab   | Identified Menueban's Disquisition on Flight
 95426 | Depths:2 | Found a gateway to a ziggurat.
 95636 | Depths:2 | HP: 4/201 [spriggan berserker/+2 antimagic quarterstaff
                  | (27)]
 96401 | Shoals:2 | Bought a potion of ambrosia for 144 gold pieces
 97182 | Depths:2 | Learned a level 6 spell: Simulacrum
 97447 | Depths:2 | Found a transporter.
 97450 | Depths:2 | Noticed sixsigma's ghost (veteran GnCj)
 97486 | Depths:2 | Found a portal to a secret trove of treasure.
 98037 | Depths:2 | Noticed a caustic shrike
 98054 | Depths:2 | Found a transporter.
 99333 | Depths:3 | Reached skill level 10 in Evocations
 99364 | Depths:3 | Found a one-way gate leading to the halls of Pandemonium.
 99630 | Depths:3 | Identified the ring "Pyme" {rElec rF+ Int+4}
 99659 | Depths:3 | Found a runed translucent door.
 99661 | Depths:3 | Found a runed translucent door.
 99662 | Depths:3 | Found a runed translucent door.
 99695 | Depths:3 | Noticed Nikola
 99709 | Depths:3 | HP: 7/204 [Nikola/chain lightning (19)]
 99711 | Depths:3 | HP: 2/204 [Nikola/chain lightning (35)]
 99711 | Depths:3 | Killed from afar by Nikola

Illustrated notes

Levels and vault maps discovered:
D:1:      grunt_arrival_crossed_arrows, layout_basic,
          chequers_serial_rivers_micro_e
D:2:      layout_loops_corners, columned_hall_lemuel, minmay_misc_feat_tower,
          uniq_jessica
D:3:      layout_rooms, serial_glass, glass_columns_a, glass_columns_c,
          glass_columns_c, glass_columns_b
D:4:      layout_gridville, grunt_dithmenos_shadows,
          minmay_temple_entry_enclosed_plants
D:5:      layout_basic, hangedman_decor_riveting, chequers_serial_rivers_room_b,
          uniq_duvessa, uniq_sigmund
D:6:      layout_basic
D:7:      layout_loops_corners, nrook_mini_vaults, uniq_prince_ribbit1
D:8:      layout_basic, lair_entry_dummy, serial_shops, shop, shop_fountains,
          minmay_shop_damaged
D:9:      layout_irregular_city, serial_shops, shop, uniq_maggie, uniq_joseph,
          uniq_pikel
D:10:     gammafunk_beogh_shrine, layout_layer_cave, minmay_lizard_king,
          uniq_harold, uniq_psyche
D:11:     layout_irregular_city, serial_shops, shop, uniq_grum
D:12:     layout_basic, david_orc_4, enter_bailey_4, uniq_nessos
D:13:     minmay_coctagon, layout_irregular_city
D:14:     layout_irregular_city, grunt_vaults_entry_tiered,
          chequers_decorated_corner, uniq_frances
D:15:     grunt_enter_depths_magical_seal, layout_basic, corexii_hall_statues_x,
          makhleb_altar_promises_db
Temple:   kilobyte_greek_temple
Lair:1:   layout_regular_city, nzn_random_ring, lemuel_fruit_fields, uniq_erica
Lair:2:   minmay_lair_oklob_tunnel, layout_small_grid,
          minmay_shoals_entry_centaurs, serial_bayou_shore_b,
          grunt_megastairs_3, infiniplex_staircase_pool_2
Lair:3:   layout_regular_city, serial_bayou, serial_bayou_lagoon_a,
          serial_bayou_shore_b, serial_bayou_shore_a, serial_bayou_lake_a,
          serial_bayou_pond_c, serial_bayou_pond_c
Lair:4:   layout_concentric_octagons, minmay_snake_entry_six_corridors,
          ebering_ghost_funeral_grove, beast_lair_carwin_8
Lair:5:   layout_cave_pods, nicolae_slime_entry_slimehenge,
          nicolae_quartered_pool_super
Lair:6:   evil_forest, layout_layer_cave, uniq_urug, uniq_snorg
Shoals:1: layout_shoals
Shoals:2: layout_shoals, serial_shops, shop, nicolae_shop_window_shopping,
          nicolae_shop_waterfront, shop_statue
Shoals:3: layout_shoals, portal_ice_cave_entry_frozen_things,
          lemuel_centaur_altar, uniq_ilsuiw, uniq_roxanne
Shoals:4: shoals_end_grunt_ice, layout_shoals, shoals_ilsuiw_ice, serial_shops,
          shop_fountains, gammafunk_ghost_cemetery, uniq_bai_suzhen
Snake:1:  layout_cave_shapes, basic_altar, uniq_josephine, uniq_aizul
Snake:2:  nicolae_sea_snake_s, layout_basic, serial_shops, bzr_in_the_mist,
          uniq_vashnia
Snake:3:  layout_misc_corridors, serial_shops, shop, minmay_shoptagon,
          uniq_azrael
Snake:4:  grunt_snake_rune_pools, layout_cave_shapes, serial_shops, shop,
          nicolae_snake_single_loop, drop_trap
Slime:1:  layout_caves, cheibrodos_slime_lost_civilization_6
Orc:1:    layout_diamond_mine, enter_volcano_3, serial_shops, shop_fountains,
          lemuel_statue_altar
Orc:2:    grunt_orc_community_town_hall, layout_caves,
          grunt_orc_community_big_house_2, grunt_orc_community_big_house_2,
          grunt_orc_community_house_2, grunt_orc_community_house_2,
          grunt_orc_community_house_3, grunt_orc_community_house_1,
          grunt_orc_community_house_2, grunt_orc_community_house_1,
          gammafunk_ghost_abyssal_escape, basic_altar, lightli_church_of_beogh
Elf:1:    layout_loops_cross, hangedman_elf_disciples
Elf:2:    layout_gridlike, serial_shops, shop
Elf:3:    elf_hall, layout_geoelf_octagon, basic_altar, serial_shops, shop,
          shop_statue, david_defended_altar_elf
Vaults:1: v_alt_pattern_1, nicolae_vaults_back_hallway, vaults_room_glass_cross,
          ontoclasm_vaults_chip, nicolae_vaults_hallways_thing,
          nicolae_vaults_puzzle_piece, hangedman_vaults_impose,
          ontoclasm_vaults_gateway, layout_vaults_omnigrid
Vaults:2: v_rooms_6, ontoclasm_vaults_ligature, vaults_room_pools,
          minmay_crypt_entry_skeletal_spiral, v_misc_2, ontoclasm_vaults_hangar,
          vaults_mumra_chevron, nicolae_vaults_little_squares_2,
          vaults_dpeg_cross, nicolae_vaults_angled_halls, vaults_mumra_hexcomb,
          ontoclasm_vaults_idyll, layout_vaults_maze_bifur, serial_shops,
          nicolae_shop_temple_entry_statues_fountains
Vaults:3: grunt_vaults_swirl, hangedman_vaults_nodes,
          nicolae_vaults_little_squares_3, ontoclasm_vaults_pinch, v_misc_26,
          vaults_mumra_hex, ontoclasm_vaults_gallery,
          nicolae_vaults_mini_display_case, vaults_dpeg_encased_lava,
          vaults_room_hallway, layout_vaults_chaotic_city, uniq_margery,
          uniq_mennas
Vaults:4: hangedman_vaults_nails, nicolae_vaults_theta, v_pattern_4,
          vaults_room_hallway, v_misc_1, st_cells, v_misc_26, v_misc_33,
          hangedman_vaults_stretched_pinwheel,
          vaults_standard_mumra_enter_the_diamond, vaults_mumra_lcd, v_misc_17,
          vaults_room_pools, layout_vaults_ring, serial_shops,
          bzr_entry_lakeside
Depths:1: layout_basic, grunt_mini_vestibule, fake_guardian_serpent_vault,
          minmay_shop_grove, uniq_enchantress
Depths:2: nzn_winding_woodlands_small [nzn_winding_woodlands_5x15_split_checker,
          nzn_winding_woodlands_center_pierced_h,
          nzn_winding_woodlands_5x15_twine], layout_basic, enter_ziggurat_f,
          lightli_enter_wizlab_magi_temple, nicolae_trove_entry_crystal,
          gammafunk_ghost_berserking_beasts, serial_bayou_pond_a,
          pf_coc_iceberg, lightli_minifort
Depths:3: minmay_the_grid_ultimate [minmay_the_grid_prize_big_room,
          minmay_the_grid_prize_inner_circle, minmay_the_grid_prize_diamond_cup,
          minmay_the_grid_prize_trominoes, minmay_the_grid_square_5x5_eight,
          minmay_the_grid_square_5x5_bridge, minmay_the_grid_square_5x5_detours,
          minmay_the_grid_square_5x5_doubleslash,
          minmay_the_grid_square_5x5_almost_minimal,
          minmay_the_grid_square_5x5_tetrominoes,
          minmay_the_grid_square_5x5_beaten_path,
          minmay_the_grid_square_5x5_lines,
          minmay_the_grid_square_5x5_sharp_hourglass,
          minmay_the_grid_square_5x5_six, minmay_the_grid_square_5x5_moneybag,
          minmay_the_grid_square_5x5_spiral_small,
          minmay_the_grid_square_5x5_forky, minmay_the_grid_square_5x5_inner_i,
          minmay_the_grid_square_5x5_dogpile,
          minmay_the_grid_triangle_9x9_corrupted_corridor,
          minmay_the_grid_triangle_9x9_descending_squares,
          minmay_the_grid_triangle_9x9_alien,
          minmay_the_grid_triangle_9x9_limited_checkers,
          minmay_the_grid_triangle_9x9_subtriangle,
          minmay_the_grid_triangle_9x9_swiss_cheese,
          minmay_the_grid_triangle_9x9_dagger,
          minmay_the_grid_triangle_9x9_skeleton,
          minmay_the_grid_triangle_9x9_sprig,
          minmay_the_grid_triangle_9x9_fully_insulated_deathbox,
          minmay_the_grid_triangle_9x9_minimal,
          minmay_the_grid_triangle_9x9_zippers_vertical,
          minmay_the_grid_triangle_9x9_semitri,
          minmay_the_grid_triangle_9x9_impossible_snake,
          minmay_the_grid_triangle_9x9_empty,
          minmay_the_grid_triangle_9x9_checkered,
          minmay_the_grid_square_5x5_shrine2, minmay_the_grid_octo_77,
          minmay_the_grid_octo_clover, minmay_the_grid_octo_odd_swirl,
          minmay_the_grid_octo_fat_diamond,
          minmay_the_grid_octo_vomiting_pacman, minmay_the_grid_octo_toaster,
          minmay_the_grid_octo_checkerflower,
          minmay_the_grid_octo_tetromino_candy, minmay_the_grid_dragon_b,
          minmay_the_grid_airy, minmay_the_grid_small_cups,
          minmay_the_grid_spikes], hell_entry, pan_entry, uniq_nikola

Skill      XL: |  1  2  3  4  5  6  7  8  9 10 11 12 13 14 15 16 17 18 19 20 21 22 |
---------------+-------------------------------------------------------------------+-----
Necromancy     | 5 6 7 8 9 10 11 12 13 14 15 16 17 18 19 | 19.3
Spellcasting   | 2 3 4 5 6 7 8 9 10 11 12 13 | 13.4
Armour         | 1 2 3 4 5 7 8 9 10 11 12 | 12.5
Fighting       | 1 2 3 4 5 6 8 9 10 11 12 13 | 13.4
Short Blades   | 1 3 4 6 7 9 10 | 10.0
Dodging        | 3 4 6 8 9 10 11 12 | 12.9
Invocations    | 3 5 6 8 9 11 12 13 14 | 14.2
Stealth        | 4 5 7 8 10 11 13 14 15 16 17 | 17.5
Evocations     | 4 5 6 9 10 | 10.2
Earth Magic    | 4 6 10 12 14 15 16 17 18 | 18.5
Ice Magic      | 2 |  2.0
Shields        | 2 4 |  4.0
Conjurations   | 4 6 |  6.1

Action                   |  1- 3 |  4- 6 |  7- 9 | 10-12 | 13-15 | 16-18 | 19-21 | 22-24 || total
-------------------------+-------+-------+-------+-------+-------+-------+-------+-------++-------
Melee: Whip              |     1 |       |       |       |       |       |       |       ||     1
       Hand axe          |     4 |     4 |       |       |       |       |       |       ||     8
       Dagger            |       |    40 |   299 |   565 |  1228 |  1007 |   984 |   339 ||  4462
       Quick blade       |       |       |       |       |       |       |   124 |    45 ||   169
 Fire: Hand crossbow     |       |       |       |       |       |     7 |       |       ||     7
 Cast: Pain              |    51 |    76 |    77 |    65 |    31 |    11 |     1 |     1 ||   313
       Vampiric Draining |     2 |    21 |    55 |   114 |    85 |    83 |    21 |    16 ||   397
       Animate Skeleton  |       |     1 |     6 |     4 |     5 |       |       |       ||    16
       Agony             |       |       |     2 |    14 |    14 |    20 |    27 |     2 ||    79
       Animate Dead      |       |       |     1 |     7 |    27 |    12 |     7 |       ||    54
       Stone Arrow       |       |       |       |     4 |   104 |   111 |     6 |       ||   225
       Borgnjor's Vile C |       |       |       |       |   144 |   134 |   120 |    25 ||   423
       Passwall          |       |       |       |       |    17 |     7 |       |     2 ||    26
       Lee's Rapid Decon |       |       |       |       |   108 |   116 |   140 |    40 ||   404
       Death Channel     |       |       |       |       |       |    24 |    31 |     2 ||    57
       Iron Shot         |       |       |       |       |       |     2 |   133 |    19 ||   154
       Simulacrum        |       |       |       |       |       |       |       |     1 ||     1
Invok: Minor Destruction |       |       |       |     7 |       |       |       |       ||     7
       Lesser Servant of |       |       |       |     1 |    11 |     2 |     6 |     5 ||    25
       Greater Servant o |       |       |       |       |     2 |     3 |     4 |       ||     9
       Major Destruction |       |       |       |       |       |     1 |       |       ||     1
 Abil: Heal Wounds       |       |     1 |       |       |     1 |       |       |       ||     2
       Evoke Blink       |       |       |       |       |     1 |     6 |     6 |     1 ||    14
Evoke: Wand              |       |       |     7 |     8 |    10 |     3 |     1 |       ||    29
       Lightning rod     |       |       |       |     2 |     6 |       |       |       ||     8
       Condenser vane    |       |       |       |       |       |       |     1 |       ||     1
  Use: Scroll            |     1 |     9 |    10 |     9 |    17 |     9 |    21 |     5 ||    81
       Potion            |       |       |     1 |     1 |     3 |     1 |     8 |    15 ||    29
 Stab: Sleeping          |       |     2 |     6 |    15 |    39 |    32 |    49 |    10 ||   153
       Distracted        |       |     1 |       |     3 |    14 |    10 |    13 |     5 ||    46
Armor: Robe              |    10 |    17 |    89 |    61 |    36 |       |       |       ||   213
       Swamp dragon scal |       |       |       |       |   232 |   278 |   200 |       ||   710
       Leather armour    |       |       |       |       |     4 |       |       |       ||     4
       Fire dragon scale |       |       |       |       |       |       |    27 |    83 ||   110
Dodge: Dodged            |    15 |    49 |   245 |   507 |  1134 |   826 |   752 |   226 ||  3754
Block: Buckler           |       |       |       |       |    89 |   251 |   226 |    85 ||   651
